PIO (24 & UNDER)
CHULA VISTA TACOS @ EAU CLAIRE ESQUIRES
08/12/2027
 
TOP OF THE 1ST
Chula Vista Tacos batting - Pitching for Eau Claire Esquires : RHP Keith Hill
Pitching: RHP Keith Hill
Batting: LHB Michael Myers 0-0: Called Strike
0-1: SINGLE (Groundball, 4MD)
Batting: LHB Pedro Camacho 0-0: Ball
1-0: Reached on error, E4 (Groundball, 4)
Michael Myers to second
Batting: LHB John White 0-0: Ball
1-0: Fielders Choice at 2nd, 3-6 (Groundball, 34)
Michael Myers to third
Batting: RHB Javier González 0-0: Ball
1-0: Called Strike
1-1: Ball
2-1: Ground out 4-3 (Groundball, 34)
Michael Myers scores
John White to second
Batting: RHB Gerald Davis 0-0: Called Strike
0-1: Ball
1-1: Swinging Strike
1-2: Strikes out swinging
Top of the 1st over - 1 run(s), 1 hit(s), 1 error(s), 1 left on base; Chula Vista 1 - Eau Claire 0
BOTTOM OF THE 1ST
Eau Claire Esquires batting - Pitching for Chula Vista Tacos : RHP Andrés Franco
Pitching: RHP Andrés Franco
Batting: RHB Ismael Rodríguez 0-0: Fly out, F9 (Flyball, 89M)
Batting: LHB Miguel Arteaga 0-0: Foul Ball, location: 2F
0-1: Ball
1-1: Ball
2-1: Ball
3-1: Base on Balls
Batting: RHB Terry Perkins 0-0: Swinging Strike
0-1: Called Strike
0-2: Ball
1-2: Strikes out looking
Batting: RHB Rich Henley 0-0: Called Strike
0-1: Foul Ball, location: 2F
0-2: Strikes out swinging
Bottom of the 1st over - 0 run(s), 0 hit(s), 0 error(s), 1 left on base; Chula Vista 1 - Eau Claire 0
TOP OF THE 2ND
Chula Vista Tacos batting - Pitching for Eau Claire Esquires : RHP Keith Hill
Batting: RHB Ray Rogers 0-0: Swinging Strike
0-1: Ball
1-1: Ball
2-1: Foul Ball, location: 2F
2-2: Strikes out swinging
Batting: RHB Matt O'Rourke 0-0: Ball
1-0: Called Strike
1-1: Ball
2-1: SINGLE (Line Drive, 6)
Batting: LHB Nick Hill 0-0: Ball
1-0: Called Strike
1-1: Ball
2-1: Ball
3-1: Fly out, F6 (Popup, 6D)
Batting: LHB Gonzalo Benítez 0-0: Ball
Matt O'Rourke steals 2nd base
1-0: Swinging Strike
1-1: Ball
2-1: Called Strike
2-2: Strikes out looking
Top of the 2nd over - 0 run(s), 1 hit(s), 0 error(s), 1 left on base; Chula Vista 1 - Eau Claire 0
BOTTOM OF THE 2ND
Eau Claire Esquires batting - Pitching for Chula Vista Tacos : RHP Andrés Franco
Batting: LHB Johnny Foley 0-0: Foul Ball, location: 2F
0-1: Swinging Strike
0-2: Ball
1-2: Ball
2-2: Foul Ball, location: 2F
2-2: Ball
3-2: Foul Ball, location: 2F
3-2: Foul Ball, location: 2F
3-2: Strikes out swinging
Batting: RHB Eugenio Maldonado 0-0: Swinging Strike
0-1: Foul Ball, location: 2F
0-2: Strikes out swinging
Batting: RHB Kyle McIntyre 0-0: Ball
1-0: Ball
2-0: Hit by Pitch
Batting: RHB Dave Anderson 0-0: Called Strike
0-1: Fly out, F8 (Flyball, 8LS)
Bottom of the 2nd over - 0 run(s), 0 hit(s), 0 error(s), 1 left on base; Chula Vista 1 - Eau Claire 0
TOP OF THE 3RD
Chula Vista Tacos batting - Pitching for Eau Claire Esquires : RHP Keith Hill
Batting: LHB Michael Myers 0-0: Foul Ball, location: 2F
0-1: Ball
1-1: Ball
2-1: Ball
3-1: Ground out 1-3 (Groundball, P)
Batting: LHB Pedro Camacho 0-0: Ball
1-0: Ground out 5-3 (Groundball, 2L)
Batting: LHB John White 0-0: Ball
1-0: Foul Ball, location: 2F
1-1: Fly out, F8 (Flyball, 8RM)
Top of the 3rd over - 0 run(s), 0 hit(s), 0 error(s), 0 left on base; Chula Vista 1 - Eau Claire 0
BOTTOM OF THE 3RD
Eau Claire Esquires batting - Pitching for Chula Vista Tacos : RHP Andrés Franco
Batting: RHB Francisco Fernández 0-0: Ball
1-0: Ball
2-0: Ball
3-0: Called Strike
3-1: Swinging Strike
3-2: Strikes out swinging
Batting: RHB Ismael Rodríguez 0-0: Swinging Strike
0-1: Called Strike
0-2: Ball
1-2: Fly out, F8 (Flyball, 8LS)
Batting: LHB Miguel Arteaga 0-0: Called Strike
0-1: Ball
1-1: Foul Ball, location: 2F
1-2: Hit by Pitch
Batting: RHB Terry Perkins 0-0: Called Strike
0-1: Foul Ball, location: 2F
0-2: SINGLE (Line Drive, 9LS)
Miguel Arteaga to second
Batting: RHB Rich Henley 0-0: Foul Ball, location: 2F
0-1: Swinging Strike
0-2: Strikes out swinging
Bottom of the 3rd over - 0 run(s), 1 hit(s), 0 error(s), 2 left on base; Chula Vista 1 - Eau Claire 0
TOP OF THE 4TH
Chula Vista Tacos batting - Pitching for Eau Claire Esquires : RHP Keith Hill
Batting: RHB Javier González 0-0: Ground out 6-3 (Groundball, 6)
Batting: RHB Gerald Davis 0-0: SINGLE (Line Drive, 4D)
Batting: RHB Ray Rogers 0-0: Foul Ball, location: 2F
0-1: Ball
1-1: Ball
2-1: Ball
3-1: Foul Ball, location: 2F
3-2: Foul Ball, location: 2F
3-2: Foul Ball, location: 2F
3-2: Ground out 6-3 (Groundball, 6MS)
Gerald Davis to second
Batting: RHB Matt O'Rourke 0-0: Called Strike
0-1: Foul Ball, location: 2F
0-2: Foul Ball, location: 2F
0-2: Ball
1-2: Foul Ball, location: 2F
1-2: Ball
2-2: Ground out 4-3 (Groundball, 4S)
Top of the 4th over - 0 run(s), 1 hit(s), 0 error(s), 1 left on base; Chula Vista 1 - Eau Claire 0
BOTTOM OF THE 4TH
Eau Claire Esquires batting - Pitching for Chula Vista Tacos : RHP Andrés Franco
Batting: LHB Johnny Foley 0-0: Ball
1-0: Ball
2-0: Called Strike
2-1: Ball
3-1: Called Strike
3-2: Base on Balls
Batting: RHB Eugenio Maldonado 0-0: Foul Ball, location: 2F
0-1: Ball
1-1: Ball
2-1: Foul Ball, location: 2F
2-2: Ball
3-2: Fly out, F5 (Flyball, 5D)
Batting: RHB Kyle McIntyre 0-0: Ball
Johnny Foley steals 2nd base
1-0: SINGLE (Line Drive, 6MD)
Johnny Foley to third
Runner from 3rd tries for Home, SAFE, throw made home
Kyle McIntyre to second
Batting: RHB Dave Anderson 0-0: Ground out 4-3 (Groundball, 4S)
Kyle McIntyre to third
Batting: RHB Francisco Fernández 0-0: Called Strike
0-1: Ball
1-1: Swinging Strike
1-2: Foul Ball, location: 2F
1-2: SINGLE (Line Drive, 89M)
Kyle McIntyre scores
Batting: RHB Ismael Rodríguez 0-0: Called Strike
0-1: Foul Ball, location: 2F
0-2: Ball
1-2: Strikes out swinging
Bottom of the 4th over - 2 run(s), 2 hit(s), 0 error(s), 1 left on base; Chula Vista 1 - Eau Claire 2
TOP OF THE 5TH
Chula Vista Tacos batting - Pitching for Eau Claire Esquires : RHP Keith Hill
Batting: LHB Nick Hill 0-0: Ball
1-0: Called Strike
1-1: Fly out, F8 (Flyball, 8LXD)
Batting: LHB Gonzalo Benítez 0-0: Ball
1-0: Ball
2-0: Foul Ball, location: 2F
2-1: Swinging Strike
2-2: DOUBLE (Flyball, 8LXD)
Batting: LHB Michael Myers 0-0: Called Strike
0-1: Ball
1-1: Ball
2-1: Foul Ball, location: 2F
2-2: Foul Ball, location: 2F
2-2: Strikes out swinging
Batting: LHB Pedro Camacho 0-0: Ball
1-0: Ground out 4-3 (Groundball, 34D)
Top of the 5th over - 0 run(s), 1 hit(s), 0 error(s), 1 left on base; Chula Vista 1 - Eau Claire 2
BOTTOM OF THE 5TH
Eau Claire Esquires batting - Pitching for Chula Vista Tacos : RHP Andrés Franco
Batting: LHB Miguel Arteaga 0-0: Called Strike
0-1: Ground out U3 (Groundball, 3)
Batting: RHB Terry Perkins 0-0: Ball
1-0: Called Strike
1-1: Swinging Strike
1-2: Ball
2-2: Strikes out swinging
Batting: RHB Rich Henley 0-0: Swinging Strike
0-1: Foul Ball, location: 2F
0-2: Ball
1-2: SOLO HOME RUN (Flyball, 7D), Distance : 342 ft
Batting: LHB Johnny Foley 0-0: Ground out 6-3 (Groundball, 6M)
Bottom of the 5th over - 1 run(s), 1 hit(s), 0 error(s), 0 left on base; Chula Vista 1 - Eau Claire 3
TOP OF THE 6TH
Chula Vista Tacos batting - Pitching for Eau Claire Esquires : RHP Keith Hill
Batting: LHB John White 0-0: Called Strike
0-1: Ball
1-1: SINGLE (Groundball, 34D)
Batting: RHB Javier González 0-0: Called Strike
0-1: Ball
1-1: Foul Ball, location: 2F
1-2: Strikes out swinging
Pinch Runner at 1st Manny Torrez:
Batting: RHB Gerald Davis 0-0: Foul Ball, location: 2F
0-1: Ball
1-1: Ball
2-1: Single, Error in OF, E9, batter to second base
Manny Torrez to third
Pitching: RHP Tom Emery
Batting: RHB Ray Rogers 0-0: Ball
1-0: Ball
2-0: Foul Ball, location: 2F
2-1: Ball
3-1: Called Strike
3-2: Strikes out swinging
Batting: RHB Matt O'Rourke 0-0: Ball
1-0: Ground out 1-3 (Groundball, 13)
Top of the 6th over - 0 run(s), 2 hit(s), 1 error(s), 2 left on base; Chula Vista 1 - Eau Claire 3
BOTTOM OF THE 6TH
Eau Claire Esquires batting - Pitching for Chula Vista Tacos : RHP Andrés Franco
Pitching: RHP Chris Jacobs
Now in CF: Manny Torrez
Batting: RHB Eugenio Maldonado 0-0: Called Strike
0-1: Fly out, F1 (Line Drive, 13)
Batting: RHB Kyle McIntyre 0-0: Ball
1-0: Ground out 6-3 (Groundball, 6)
Batting: RHB Dave Anderson 0-0: Swinging Strike
0-1: Called Strike
0-2: Foul Ball, location: 2F
0-2: Ball
1-2: Foul Ball, location: 2F
1-2: Strikes out swinging
Bottom of the 6th over - 0 run(s), 0 hit(s), 0 error(s), 0 left on base; Chula Vista 1 - Eau Claire 3
TOP OF THE 7TH
Chula Vista Tacos batting - Pitching for Eau Claire Esquires : RHP Tom Emery
Batting: LHB Nick Hill 0-0: Ball
1-0: Foul Ball, location: 2F
1-1: Ball
2-1: Foul Ball, location: 2F
2-2: Strikes out swinging
Batting: LHB Gonzalo Benítez 0-0: Ball
1-0: Foul Ball, location: 2F
1-1: SINGLE (Flyball, 8LS)
Batting: LHB Michael Myers 0-0: Ball
1-0: Ball
2-0: Called Strike
2-1: Called Strike
2-2: Foul Ball, location: 2F
2-2: DOUBLE (Line Drive, 78S)
Gonzalo Benítez to third
Gonzalo Benítez scores
Pinch Hitting: LHB Steven Smith 0-0: Ball
Michael Myers steals 3rd base
1-0: Foul Ball, location: 2F
1-1: Ball
2-1: Foul Ball, location: 2F
2-2: Ball
3-2: Foul Ball, location: 2F
3-2: Foul Ball, location: 2F
3-2: Foul Ball, location: 2F
3-2: Base on Balls
Batting: RHB Manny Torrez 0-0: Ball
1-0: Swinging Strike
1-1: Called Strike
1-2: Foul Ball, location: 2F
1-2: Ball
2-2: Foul Ball, location: 2F
2-2: Ball
3-2: Grounds into double play, 4-6-3 (Groundball, 4)
Top of the 7th over - 1 run(s), 2 hit(s), 0 error(s), 1 left on base; Chula Vista 2 - Eau Claire 3
BOTTOM OF THE 7TH
Eau Claire Esquires batting - Pitching for Chula Vista Tacos : RHP Chris Jacobs
Now at 1B: Steven Smith
Batting: RHB Francisco Fernández 0-0: Called Strike
0-1: Called Strike
0-2: Foul Ball, location: 2F
0-2: SINGLE (Line Drive, 7LM)
Pinch Hitting: SHB José García 0-0: Ball
1-0: Sac Bunt - play at first, batter OUT! 2-4
Francisco Fernández to second
Batting: LHB Miguel Arteaga 0-0: Intentional Walk
Batting: RHB Terry Perkins 0-0: Called Strike
0-1: Called Strike
0-2: Ball
1-2: Strikes out swinging
Batting: RHB Rich Henley 0-0: Called Strike
0-1: Fielders Choice at 2nd, 6-4 (Groundball, 6)
Bottom of the 7th over - 0 run(s), 1 hit(s), 0 error(s), 1 left on base; Chula Vista 2 - Eau Claire 3
TOP OF THE 8TH
Chula Vista Tacos batting - Pitching for Eau Claire Esquires : RHP Tom Emery
Pitching: RHP Alex Hicks
Now in RF: Jason Smith
Batting: RHB Javier González 0-0: Ball
1-0: Swinging Strike
1-1: Foul Ball, location: 2F
1-2: Foul Ball, location: 2F
1-2: Foul Ball, location: 2F
1-2: Ground out 6-3 (Groundball, 56)
Batting: RHB Gerald Davis 0-0: Ball
1-0: Ball
2-0: Swinging Strike
2-1: Swinging Strike
2-2: Strikes out swinging
Batting: RHB Ray Rogers 0-0: Called Strike
0-1: Fly out, F9 (Flyball, 9LMF)
Top of the 8th over - 0 run(s), 0 hit(s), 0 error(s), 0 left on base; Chula Vista 2 - Eau Claire 3
BOTTOM OF THE 8TH
Eau Claire Esquires batting - Pitching for Chula Vista Tacos : RHP Chris Jacobs
Pitching: LHP Alejandro Flores
Batting: LHB Johnny Foley 0-0: Foul Ball, location: 2F
0-1: Called Strike
0-2: Ball
1-2: Fly out, F7 (Flyball, 78S)
Pitching: RHP Carlos Flores
Batting: RHB Eugenio Maldonado 0-0: Ball
1-0: Called Strike
1-1: Ground out 6-3 (Groundball, 6)
Batting: RHB Kyle McIntyre 0-0: Ball
1-0: Ball
2-0: Ball
3-0: Base on Balls
Pinch Hitting: RHB Vincente Ramírez 0-0: Ball
1-0: Called Strike
1-1: Ball
2-1: Swinging Strike
2-2: Foul Ball, location: 2F
2-2: Strikes out swinging
Bottom of the 8th over - 0 run(s), 0 hit(s), 0 error(s), 1 left on base; Chula Vista 2 - Eau Claire 3
TOP OF THE 9TH
Chula Vista Tacos batting - Pitching for Eau Claire Esquires : RHP Alex Hicks
Pitching: LHP Adrian Bryant
Now at SS: Vincente Ramírez
Batting: RHB Matt O'Rourke 0-0: Called Strike
0-1: Ground out 6-3 (Groundball, 6)
Pinch Hitting: RHB Ron Garrett 0-0: Ball
1-0: Foul Ball, location: 2F
1-1: Ball
2-1: Called Strike
2-2: Ground out 5-3 (Groundball, 56S)
Pinch Hitting: RHB Juan Morales 0-0: Fly out, F1 (Line Drive, 13)
Top of the 9th over - 0 run(s), 0 hit(s), 0 error(s), 0 left on base; Chula Vista 2 - Eau Claire 3
Thursday, March 30th, 2017 - OOTP Baseball 17.12 Build 75